Map: Void Launch

Players

NamroodTuo

  • Race: Zerg Zerg

DeadPool

  • Race: Protoss Protoss
  • Spawn Location: 6:00

VOD

Have the link to the VOD?

Description

Time

  • Played on: April 17, 2023, 7:35 a.m.
  • Length: 25:24
Show
View Real Time Build Order
Export as new Build Order

NamroodTuo Zerg 

Build Orders:  

Get SALT Encoding   

  12  0:19  Infested Barracks  
  12  0:35  Infested SCV  
  12  0:39  Overlord  
  13  0:46  Infested SCV  
  14  0:52  Infested SCV  
  15  1:06  Infested SCV  
  16  1:24  Infestation Level 1  
  16  1:29  Infested SCV  
  17  1:36  Infested SCV  
  18  1:40  Infested SCV  
  18  1:45  Infested SCV  
  20  1:58  Infested Refinery  
  20  1:59  Infested SCV  
  21  2:12  Infested Engineering Bay  
  21  2:19  Overlord  
  21  2:40  Infested SCV  
  21  2:47  Infested Refinery  
  21  2:48  Infested SCV  
  23  3:00  Infested SCV  
  24  3:43  Infested Marine  
  24  3:44  Infested Marine x6  
  31  4:08  Overlord, Infested Command Center  
  31  4:09  Overlord  
  31  4:10  Unknown  
  31  4:15  Infestation Level 2  
  31  4:18  Infested Barracks Tech Lab  
  31  4:40  Infested SCV x2  
  31  4:41  Infested SCV  
  34  4:54  Infested Factory  
  34  5:23  Infested SCV  
  34  5:24  Infested SCV  
  34  5:25  Overlord, Infested SCV  
  37  5:30  Stukov Infantry Weapons Level 1  
  34  6:20  Infested Bunker  
  34  6:28  Infested Command Center  
  34  6:29  Infested Bunker  
  38  6:55  Infested SCV x3  
  38  6:56  Infested SCV x2  
  43  7:08  Anaerobic Enhancement  
  43  7:12  Retinal Augmentation  
  43  7:20  Infested SCV  
  43  7:22  Overlord  
  43  7:26  Infested SCV  
  43  7:27  Infested SCV  
  46  7:35  Infested Refinery  
  46  7:53  Infested Marine  
  46  7:54  Infested Marine x13  
  46  7:55  Infested Marine x6  
  66  8:12  Plagued Munitions  
  66  9:05  Infested Marine  
  66  9:06  Infested Marine x10  
  66  9:07  Infested Marine  
  78  9:16  Overlord x2  
  78  9:17  Overlord x3  
  58  9:46  Infested Bunker  
  66  10:01  Infested Bunker  
  70  10:15  Infested Marine  
  70  10:16  Infested Marine x14  
  82  10:48  Infested Marine  
  82  10:49  Infested Marine x7  
  90  10:53  Infested Bunker  
  90  10:57  Infested Bunker  
  84  11:15  Overlord  
  84  11:16  Overlord x4  
  84  11:18  Overseer x2  
  84  11:19  Overseer x3  
  84  11:23  Broodling Gestation  
  84  11:26  Stukov Infantry Armor Level 1  
  83  11:43  Infested SCV  
  83  11:44  Infested SCV x4  
  83  11:46  Infested Missile Turret  
  87  11:56  Infested Refinery  
  86  12:08  Infested Bunker  
  77  12:26  Infested Missile Turret  
  77  12:31  Infested SCV x2  
  77  12:32  Infested SCV  
  77  13:14  Infested Bunker  
  81  13:43  Infested Factory Tech Lab  
  81  13:46  Infested Armory  
  81  13:49  Infested Marine  
  82  13:50  Infested Marine x5  
  82  13:51  Infested Marine x14  
  101  14:01  Infested Missile Turret  
  101  14:04  Infested Marine x2  
  101  14:05  Infested Marine  
  101  14:06  Stukov Infantry Weapons Level 2  
  104  14:28  Infested Marine  
  104  14:29  Infested Marine x3  
  108  14:30  Infested Bunker  
  108  14:38  Infested Bunker  
  116  14:46  Overseer x3  
  116  14:47  Overseer  
  116  14:51  Infested SCV x2  
  118  15:26  Infested Bunker  
  98  15:54  Infested Marine  
  98  15:55  Infested Marine x12  
  98  15:56  Infested Marine x5  
  112  16:17  Infested Marine x3  
  112  16:18  Infested Marine  
  113  16:37  Infested Marine x4  
  107  16:57  Infested Marine x4  
  111  17:06  Infested Bunker  
  119  17:16  Regenerative Plating  
  119  17:19  Infested Missile Turret  
  124  17:46  Infested Bunker  
  124  17:47  Infestation Level 3  
  107  17:53  Infested Bunker  
  102  18:16  Stukov Infantry Armor Level 2  
  102  18:20  Infested Marine x5  
  102  18:21  Infested Marine x12  
  116  18:34  Infested Bunker  
  116  18:38  Infested Marine  
  116  18:39  Infested Marine x2  
  119  18:44  Infested Missile Turret  
  115  19:03  Infested Barracks  
  115  19:11  Infested Marine  
  115  19:12  Infested Marine x6  
  115  19:15  Infested Missile Turret  
  122  19:22  Infested Marine x2  
  108  19:55  Stukov Vehicle and Ship Armor Level 1  
  108  20:08  Infested Bunker  
  114  20:21  Infested Bunker  
  112  20:58  Infested Bunker  
  112  21:08  Infested Marine  
  112  21:09  Infested Marine x10, Infested Bunker  
  123  21:10  Infested Marine x9  
  130  21:26  Calcified Armor  
  130  21:29  Infested Marine  
  131  21:30  Infested Marine x3  
  134  21:47  Infested Bunker  
  134  21:50  Infested Marine x3  
  134  21:51  Infested Marine  
  134  21:57  Infested Missile Turret  
  134  22:06  Infested Marine  
  134  22:07  Infested Marine x2  
  134  22:08  Infested Marine  
  138  22:35  Stukov Vehicle and Ship Weapons Level 1  
  122  23:10  Infested Marine x3  
  122  23:11  Infested Marine x9  
  126  23:44  Infested Marine  
  126  23:45  Infested Marine x6  
  126  24:20  Infested Marine x2  
  126  24:21  Infested Marine x5  
  133  24:32  Infested Marine  
  127  24:42  Overlord x5  
  126  24:57  Infested Marine  
  126  24:58  Infested Marine x5  
Show
View Real Time Build Order
Export as new Build Order

DeadPool Protoss 

Build Orders:  

Get SALT Encoding   

  12  0:03  Probe (Chrono Boost)  
  13  0:15  Probe (Chrono Boost)  
  14  0:26  Pylon  
  14  0:32  Probe (Chrono Boost)  
  15  0:51  Probe (Chrono Boost)  
  15  0:56  Gateway  
  16  1:03  Probe (Chrono Boost)  
  17  1:16  Probe (Chrono Boost)  
  18  1:22  Gateway  
  18  1:31  Assimilator  
  18  1:33  Probe (Chrono Boost)  
  19  1:41  Assimilator  
  19  1:46  Probe (Chrono Boost)  
  20  1:58  Probe (Chrono Boost)  
  21  2:03  Cybernetics Core  
  21  2:11  Probe (Chrono Boost)  
  21  2:18  Pylon  
  22  2:26  Probe (Chrono Boost)  
  23  2:44  Probe (Chrono Boost)  
  24  2:52  Slayer  
  24  2:55  Slayer  
  24  2:58  Warp Gate  
  29  3:10  Probe (Chrono Boost)  
  29  3:39  Pylon  
  29  4:14  Nexus  
  29  4:20  Assimilator  
  29  4:23  Cloaking Module  
  29  4:26  Assimilator  
  29  4:27  Havoc x2  
  29  4:28  Probe (Chrono Boost)  
  32  4:45  Probe (Chrono Boost)  
  32  4:49  Death Council  
  34  5:02  Probe (Chrono Boost)  
  34  5:17  Robotics Facility  
  34  5:19  Probe (Chrono Boost)  
  35  5:46  Slayer x2  
  39  5:58  Probe (Chrono Boost)  
  39  5:59  Probe (Chrono Boost), Pylon  
  41  6:16  Probe (Chrono Boost)  
  41  6:18  Pylon  
  42  6:34  Probe (Chrono Boost)  
  42  6:39  Probe (Chrono Boost)  
  44  6:45  Forge  
  44  6:48  Forge  
  44  6:50  Probe (Chrono Boost), Forge  
  44  6:56  Probe (Chrono Boost)  
  44  7:03  Vanguard  
  44  7:07  Probe (Chrono Boost)  
  45  7:12  Pylon  
  45  7:14  Pylon  
  49  7:25  Probe (Chrono Boost)  
  49  7:29  Probe (Chrono Boost)  
  51  7:34  Protoss Air Weapons Level 1, Protoss Ground Weapons Level 1  
  51  7:37  Probe (Chrono Boost)  
  50  8:05  Slayer x2  
  54  8:13  Protoss Ground Armor Level 1, Protoss Air Armor Level 1  
  54  8:14  Bloodshard Resonance  
  56  8:20  Probe (Chrono Boost)  
  56  8:21  Imposing Presence  
  56  8:24  Probe (Chrono Boost), Blood Shields  
  56  8:30  Pylon  
  56  8:32  Probe (Chrono Boost)  
  58  8:41  Probe (Chrono Boost)  
  58  8:47  Mothership  
  58  9:04  Supplicant x4  
  58  9:08  Phase Blink  
  64  9:35  Probe (Chrono Boost)  
  64  9:39  Probe (Chrono Boost)  
  66  9:43  Soul Augmentation  
  66  9:48  Gateway  
  66  9:52  Gateway  
  66  9:54  Gateway  
  66  10:05  Telekinesis  
  66  10:14  Protoss Shields Level 1  
  66  10:51  Protoss Ground Weapons Level 2, Protoss Air Weapons Level 2  
  78  11:29  Detect Weakness  
  78  11:43  Supplicant x2  
  78  11:44  Supplicant x2  
  86  11:52  Gateway x2  
  86  11:53  Gateway  
  86  11:58  Robotics Facility  
  79  12:10  Protoss Air Armor Level 2, Protoss Ground Armor Level 2  
  79  12:27  Slayer x2  
  83  12:47  Protoss Shields Level 2  
  83  12:51  Vanguard  
  87  13:07  Warp Prism  
  89  13:17  Robotics Bay  
  89  13:24  Supplicant x2  
  89  13:26  Phasing Armor  
  93  13:38  Pylon  
  93  13:40  Pylon  
  93  13:43  Pylon  
  93  13:45  Pylon  
  93  13:57  Pylon  
  93  14:02  Pylon  
  93  14:03  Vanguard  
  93  14:05  Pylon x2  
  93  14:09  Pylon  
  100  14:10  Protoss Air Weapons Level 3, Protoss Ground Weapons Level 3  
  98  14:48  Warp Prism  
  98  14:51  Fusion Mortars  
  98  15:15  Supplicant x10  
  98  15:16  Supplicant x4  
  122  15:34  Slayer  
  122  15:51  Matter Dispersion  
  136  16:46  Protoss Ground Armor Level 3, Protoss Air Armor Level 3  
  136  16:52  Aerial Tracking  
  130  17:28  Slayer x2  
  130  17:29  Slayer x4  
  138  17:52  Rapid Power Cycling  
  138  17:58  Wraithwalker  
  144  18:02  Supplicant x10  
  164  18:14  Pylon  
  164  18:16  Pylon x2  
  164  18:19  Pylon  
  164  18:22  Pylon  
  160  18:54  Protoss Shields Level 3  
  158  19:04  Pylon  
  158  19:06  Pylon  
  158  19:11  Pylon  
  158  19:14  Pylon  
  158  19:16  Pylon  
  158  20:00  Wraithwalker x2  
  159  21:15  Vanguard x2  
  159  22:08  Slayer x5  
  159  22:09  Slayer x3  
  173  22:10  Wraithwalker x2  
  173  22:47  Photon Cannon  
  173  22:49  Photon Cannon  
  163  22:52  Photon Cannon  
  163  23:03  Photon Cannon  
  163  23:05  Photon Cannon  
  156  23:10  Photon Cannon  
  156  23:13  Photon Cannon  
  156  23:25  Vanguard x2  
Tags
 
Commander
AlarakStukov
Matchup
Co-op
Replay Pack
Multiplayer
Add a new tag
Caveats
  • Supply blocks, unpowered buildings, or Contaminate may cause inaccurate times.
  • Supply counts are checked every 10 seconds.